 Dungeon Crawl Stone Soup version 0.27-a0-1273-gec92ba881d (webtiles) character file.

Game seed: 1191339927836736850

1332 robertstho the Magician (level 8, -3/54 HPs)
             Began as a Djinni Fire Elementalist on June 11, 2021.
             Slain by a scorpion (4 damage)
             ... on level 6 of the Dungeon.
             The game lasted 00:12:29 (7083 turns).

robertstho the Magician (Djinni Fire Elementalist)  Turns: 7083, Time: 00:12:29

Health: -3/54      AC:  4    Str:  7    XL:     8   Next: 92%
Gold:   92         EV: 13    Int: 19    God:
                   SH:  0    Dex: 14

rFire    + + .     SeeInvis .   p - +5 great sword (freeze)
rCold    x . .     Faith    .   (shield currently unavailable)
rNeg     . . .     Spirit   .   a - +0 robe
rPois    ∞         Reflect  .   (no helmet)
rElec    .         Harm     .   (no cloak)
rCorr    .         Rampage  .   g - +1 pair of gloves
Will     .....     Clarity  +   (boots unavailable)
Stlth    ++........             (no amulet)
HPRegen  0.18/turn              (no ring)
MPRegen  0.00/turn              (no ring)

@: flying, very slightly contaminated
A: sickness immunity, fire resistance 2, cold vulnerability 1, float, innate
caster, hp casting, extra vitality 1, clarity, passive freeze, wild magic 1
a: no special abilities


You were on level 6 of the Dungeon.
You visited 1 branch of the dungeon, and saw 6 of its levels.

You collected 92 gold pieces.

Inventory:

Hand Weapons
 f - a +2 hand axe of flaming
 p - a +5 great sword of freezing (weapon)
Armour
 a - a +0 robe (worn)
 d - a +0 pair of gloves
 g - a +1 pair of gloves (worn)
Jewellery
 r - a ring of magical power
Wands
 m - a wand of polymorph (12)
 n - a wand of acid (3)
Scrolls
 b - a scroll of vulnerability {unknown}
 c - 3 scrolls of identify
 e - a scroll of brand weapon
 i - 2 scrolls of noise
Potions
 h - a potion of lignification
 k - a potion of haste
 l - a potion of attraction


   Skills:
 + Level 2.2 Fighting
 + Level 0.2 Long Blades
 + Level 3.3 Dodging
 + Level 3.2 Stealth
 + Level 0.2 Unarmed Combat
 + Level 7.3 Spellcasting
 + Level 0.1 Evocations


You couldn't memorise any spells.
You knew the following spells:

 Your Spells              Type           Power      Damage    Failure   Level
a - Foxfire               Conj/Fire      100%       2x1d9     1%          1
b - Conjure Flame         Conj/Fire      45%        6-21      2%          3
c - Inner Flame           Hex/Fire       45%        N/A       2%          3
d - Sticky Flame          Conj/Fire      45%        2d6       8%          4
e - Fireball              Conj/Fire      22%        3d10      19%         5
f - Beastly Appendage     Tmut           90%        N/A       1%          1
g - Static Discharge      Conj/Air       45%        N/A       1%          2
h - Call Imp              Summ           45%        N/A       1%          2
Your spell library was empty.

Dungeon Overview and Level Annotations

Branches:
Dungeon (6/15)
 Temple: D:4-7

Altars:
Ru
Sif Muna

Shops:
D:3 =


Innate Abilities, Weirdness & Mutations

You are immune to sickness and miasma.
You are immune to poison.
Your flesh is very heat resistant. (rF++)
You are vulnerable to cold. (rC-)
You float through the air rather than walking.
You learn spells naturally, not from books.
Your magical power is your life essence.
You have superior vitality. (+4 HP)
You possess an exceptional clarity of mind.
A frigid envelope surrounds you and freezes all who hurt you.
Your spells are a little harder to cast, but a little more powerful.


Message History

* * * LOW HITPOINT WARNING * * *
The centaur zombie barely misses you.
You riposte.
You hit the centaur zombie.
The centaur zombie is lightly damaged.
The centaur zombie kicks you.
* * * LOW HITPOINT WARNING * * *
The scorpion completely misses you. The centaur zombie misses you.
The centaur zombie kicks you but does no damage.
As you read the scroll labelled QIC NESUOLEI, it crumbles to dust.
It is a scroll of identify.
h - a potion of lignification The centaur zombie barely misses you.
The centaur zombie misses you. The orc wizard barely misses you.
The scorpion closely misses you.
It was a potion of mutation.
You feel extremely strange.
Your thoughts seem clearer.
You feel less in control of your magic.
Your skin feels very cold.
The bullfrog skeleton misses you.
You riposte.
You barely miss the bullfrog skeleton.
The orc wizard points at you and mumbles some strange words.
You feel momentarily confused. The centaur zombie barely misses you.
The centaur zombie kicks you but does no damage.
The centaur zombie completely resists.
The scorpion stings you.
* * * LOW HITPOINT WARNING * * *
The scorpion is very cold.
The scorpion is moderately wounded.
The orc wizard hits you with a +0 dagger.
* * * LOW HITPOINT WARNING * * *
The orc wizard is very cold.
The orc wizard is heavily wounded.
A sky beast appears from thin air!
Reactivating autopickup.
The bullfrog skeleton closely misses you.
The centaur zombie barely misses you.
You riposte.
You slash the centaur zombie!
The centaur zombie is moderately damaged.
The centaur zombie misses you.
The orc wizard gestures wildly while chanting.
The orc wizard flickers and vanishes!
Deactivating autopickup; reactivate with Ctrl-A.
The scorpion stings you.
You die...

...## #.# #....
##.. .... ...
#..# ###.##..#
#.......####..
####....YS..>....
.......Zs<.#
.#...@o###
#......Zoo..#
...###...{.o....
# ##########.


You could see a water moccasin, a sky beast, a scorpion, 2 orc wizards, 2 orcs,
a centaur zombie and a bullfrog skeleton.

Vanquished Creatures
  A troll (D:6)
  Sigmund (D:4)
  Edmund (D:4)
  2 ogres
  A scorpion (D:4)
  4 wights (D:5)
  4 hounds
  An orc priest (D:5)
  A bullfrog skeleton (D:5)
  3 iguanas
  Ijyb (D:3)
  An orc wizard (D:5)
  Robin (D:2)
  A howler monkey skeleton (D:4)
  4 adders
  A dart slug (D:1)
  4 orcs (D:5)
  4 bats
  4 endoplasms
  4 giant cockroaches
  14 goblins
  10 hobgoblins
  14 jackals
  4 quokkas
  5 ball pythons
  3 frilled lizards
  9 kobolds
  11 rats
114 creatures vanquished.

Vanquished Creatures (collateral kills)
  2 foxfires (D:4)
2 creatures vanquished.

Vanquished Creatures (others)
  452 foxfires
  A plant (D:4)
453 creatures vanquished.

Grand Total: 569 creatures vanquished

Notes
Turn   | Place    | Note
-------+----------+-------------------------------------------
     0 | D:1      | robertstho the Djinni Fire Elementalist began the quest for
                  | the Orb.
     0 | D:1      | Reached XP level 1. HP: 15/15 MP: 0/0
   134 | D:1      | Reached XP level 2. HP: 12/21 MP: 0/0
   311 | D:1      | Found a faded altar of an unknown god.
   802 | D:1      | Reached skill level 3 in Spellcasting
   965 | D:1      | Reached XP level 3. HP: 21/25 MP: 0/0
   965 | D:1      | Learned a level 1 spell: Beastly Appendage
  2108 | D:2      | Reached XP level 4. HP: 26/31 MP: 0/0
  2564 | D:2      | Noticed Robin
  2571 | D:2      | Killed Robin
  3058 | D:3      | Reached skill level 4 in Spellcasting
  3277 | D:3      | Found Zomismaa's Jewellery Shoppe.
  3333 | D:3      | Noticed Ijyb
  3342 | D:3      | Killed Ijyb
  3343 | D:3      | Reached XP level 5. HP: 29/35 MP: 0/0
  3343 | D:3      | Learned a level 2 spell: Static Discharge
  4069 | D:4      | Reached XP level 6. HP: 36/40 MP: 0/0
  4132 | D:4      | Noticed an ogre
  4445 | D:4      | Found a sacrificial altar of Ru.
  4611 | D:4      | Noticed Sigmund
  4620 | D:4      | Killed Sigmund
  4621 | D:4      | Reached skill level 5 in Spellcasting
  4621 | D:4      | Reached XP level 7. HP: 39/45 MP: 0/0
  4621 | D:4      | Learned a level 2 spell: Call Imp
  4942 | D:4      | HP: 1/45 [ogre/+0 giant club (14)]
  4946 | D:4      | Reached skill level 1 in Fighting
  5651 | D:4      | Noticed Edmund
  5667 | D:4      | Killed Edmund
  5668 | D:4      | Reached skill level 6 in Spellcasting
  5882 | D:5      | Entered Level 5 of the Dungeon
  5892 | D:5      | Reached XP level 8. HP: 44/52 MP: 0/0
  6535 | D:5      | Reached skill level 7 in Spellcasting
  7070 | D:6      | Noticed a troll
  7076 | D:6      | Killed a troll
  7082 | D:6      | Gained mutation: You possess an exceptional clarity of
                  | mind. [potion of mutation]
  7082 | D:6      | Gained mutation: Your spells are a little harder to cast,
                  | but a little more powerful. [potion of mutation]
  7082 | D:6      | Gained mutation: A frigid envelope surrounds you and
                  | freezes all who hurt you. [potion of mutation]
  7082 | D:6      | HP: 1/54 [orc wizard/+0 dagger (2)]
  7083 | D:6      | Slain by a scorpion

Illustrated notes

Levels and vault maps discovered:
D:1:      eino_arrival_druids_welcome, layout_basic,
          ebering_ecumenical_altar_abandoned
D:2:      layout_rooms, uniq_robin
D:3:      layout_basic, serial_shops, shop, uniq_ijyb
D:4:      layout_loops_ring, lemuel_crystal_altar, kennysheep_little_box,
          sigmund_edmund_badplayer, uniq_edmund
D:5:      layout_basic
D:6:      layout_loops_ring, kennysheep_mini_moat, kennysheep_generic_room_13

Skill      XL: |  1  2  3  4  5  6  7  8 |
---------------+-------------------------+-----
Spellcasting   | 3 4 5 6 7 |  7.3
Stealth        | 2 3 |  3.2
Fighting       | 1 2 |  2.2
Dodging        | 3 |  3.3
Long Blades    | |  0.2
Unarmed Combat | |  0.2
Evocations     | |  0.1

Action                   |  1- 3 |  4- 6 |  7- 9 || total
-------------------------+-------+-------+-------++-------
Melee: Unarmed           |     2 |       |       ||     2
       Hand axe          |       |       |     6 ||     6
       Great sword       |       |       |     4 ||     4
 Cast: Foxfire           |   113 |   128 |    44 ||   285
       Sticky Flame      |       |     1 |     8 ||     9
       Fireball          |       |       |    14 ||    14
       Conjure Flame     |       |       |     1 ||     1
Evoke: Wand              |       |       |     1 ||     1
  Use: Potion            |       |     2 |     5 ||     7
       Scroll            |       |     2 |     3 ||     5
 Stab: Sleeping          |     1 |       |       ||     1
Armor: Robe              |     2 |     5 |    11 ||    18
Dodge: Dodged            |    13 |    22 |    33 ||    68
       Rpst.: Great sword |       |       |     3 ||     3

Table legend: (Time is in decaauts)
 A = Elapsed time spent in this place.
 B = Non-inter-level travel time spent in this place.
 C = Inter-level travel time spent in this place.
 D = Time resting spent in this place.
 E = Time spent auto-exploring this place.
 F = Levels seen in this place.
 G = Mean time per level.
                   A        B        C        D        E       F      G
               +--------+--------+--------+--------+--------+-----+--------+
         Total |   7067 |   6881 |    186 |    814 |   5343 |   6 | 1177.8 |
       Dungeon |   7067 |   6881 |    186 |    814 |   5343 |   6 | 1177.8 |
               +--------+--------+--------+--------+--------+-----+--------+

Top non-repeatable levels by time:
     D:1: 1797 daAuts
     D:4: 1791 daAuts
     D:2: 1254 daAuts
     D:5: 1190 daAuts
     D:3: 1022 daAuts
     D:6: 12 daAuts
